 Dungeon Crawl Stone Soup version 0.28.0-62-gf88900778d (webtiles) character file.

Game seed: 6111497906868389596

36 cbfl8 the Chopper (level 3, 0/33 HPs)
             Began as a Minotaur Berserker on Mar 8, 2023.
             Was a Believer of Trog.
             Shot with a stone by a goblin (6 damage)
             ... led by Robin
             ... on level 2 of the Dungeon.
             The game lasted 00:01:19 (953 turns).

cbfl8 the Chopper (Minotaur Berserker)               Turns: 953, Time: 00:01:19

Health: 0/33       AC:  5    Str: 21    XL:     3   Next: 19%
Magic:  2/2        EV: 11    Int:  4    God:    Trog [**....]
Gold:   23         SH:  3    Dex: 11    Spells: 2/2 levels left

rFire   . . .      SeeInvis .   a - +0 hand axe
rCold   . . .      Faith    .   f - +0 buckler
rNeg    . . .      Spirit   .   g - +0 ring mail
rPois   .          Reflect  .   (helmet restricted)
rElec   .          Harm     .   (no cloak)
rCorr   .          Rampage  .   (no gloves)
Will    ++...                   (no boots)
Stlth   +.........              (no amulet)
HPRegen 1.11/turn               (no ring)
MPRegen 0.08/turn               (no ring)

@: strong-willed, regenerating
A: horns 2, retaliatory headbutt
a: Renounce Religion, Berserk, Trog's Hand


You were on level 2 of the Dungeon.
You worshipped Trog.
Trog was pleased with you.
You visited 1 branch of the dungeon, and saw 2 of its levels.

You collected 23 gold pieces.

Inventory:

Hand Weapons
 a - a +0 hand axe (weapon)
Armour
 f - a +0 buckler (worn)
 g - a +0 ring mail (worn)
Scrolls
 c - 5 scrolls of identify {unknown}
 d - a scroll of magic mapping {unknown}
 e - a scroll of teleportation {unknown}


   Skills:
 * Level 4.2 Fighting
 + Level 4.3 Axes
 + Level 2.6 Armour
 + Level 2.5 Dodging
 * Level 0.2 Evocations


You had 2 spell levels left.
You didn't know any spells.
Your spell library was empty.

Dungeon Overview and Level Annotations

Branches:
Dungeon (2/15)

Altars:


Innate Abilities, Weirdness & Mutations

You have a pair of horns on your head.
You reflexively headbutt those who attack you in melee.


Message History

Trog accepts your kill.
You can now call upon Trog for regeneration and willpower.
You hit the hobgoblin but do no damage.
A goblin comes into view. It is wielding a +0 dagger.
The hobgoblin hits you.
* * * LOW HITPOINT WARNING * * *
The goblin shouts!
You have reached level 3!
Your experience leads to an increase in your attributes!
Increase (S)trength, (I)ntelligence, or (D)exterity?
You feel agile. x2
You hit the hobgoblin.
You kill the hobgoblin!
Trog accepts your kill.
You barely miss the goblin.
You hear a shout! x2
The goblin hits you but does no damage.
A goblin comes into view. It is wielding a +0 club.
You closely miss the goblin. You headbutt the goblin.
You kill the goblin!
Trog accepts your kill.
You hit the goblin.
You kill the goblin!
Trog accepts your kill. 2 goblins and a hobgoblin come into view.
The goblin shouts!
The hobgoblin shouts!
The goblin unwields a +0 dagger.
The goblin wields a +0 hunting sling.
The goblin shoots a stone.
The stone hits you.
* * * LOW HITPOINT WARNING * * *
Items here: ))))) [[ †††.
You see here a +0 dagger.
Your skin crawls.
You feel strong-willed.
The goblin shoots a stone.
The stone hits you.
* * * LOW HITPOINT WARNING * * *
The goblin shoots a stone.
The stone barely misses you.
The goblin shoots a stone.
The stone hits you.
* * * LOW HITPOINT WARNING * * *
The goblin shoots a stone.
The stone hits you.
You die...

#... ... #..##
#...# ..###g..##
..gg.....#
#############gg#
............).>#
######..@######
#<#......+
#.......[#
#.....####
#.....# #.....#
#.....#
.........
##.....###


You could see 2 goblins.

Vanquished Creatures
  Robin (D:2)
  2 ball pythons (D:1)
  A bat (D:1)
  An endoplasm (D:1)
  9 goblins
  3 hobgoblins
  2 frilled lizards (D:1)
  A kobold (D:1)
  2 rats (D:1)
22 creatures vanquished.

Notes
Turn   | Place    | Note
-------+----------+-------------------------------------------
     0 | D:1      | cbfl8 the Minotaur Berserker began the quest for the Orb.
     0 | D:1      | Reached XP level 1. HP: 19/19 MP: 0/0
   248 | D:1      | Reached XP level 2. HP: 17/27 MP: 1/1
   644 | D:1      | Found a faded altar of an unknown god.
   933 | D:2      | Noticed Robin
   942 | D:2      | Killed Robin
   942 | D:2      | Reached ** piety under Trog
   943 | D:2      | Reached XP level 3. HP: 8/33 MP: 2/2
   953 | D:2      | Shot with a stone by a goblin

Illustrated notes

Levels and vault maps discovered:
D:1:      dpeg_arrival_stonehenge_8_columns, layout_rooms,
          hellmonk_ecumenical_altar_inner_sanctum
D:2:      minmay_angry_zag, layout_basic, uniq_robin, uniq_crazy_yiuf_cottage,
          uniq_terence

Skill      XL: |  1  2 |
---------------+-------+-----
Axes           | 4 |  4.3
Fighting       | 4 |  4.2
Armour         | |  2.6
Dodging        | |  2.5
Evocations     | |  0.2

Action                   || total
-------------------------++-------
Melee: Hand axe          ||    37
       Headbutt          ||     9
Invok: Trog's Hand       ||     1
Armor: Animal skin       ||     6
       Ring mail         ||     3
Dodge: Dodged            ||    18
